 Dungeon Crawl Stone Soup version 0.20.1-1-g8b1a95d (webtiles) character file.

42 Goboxel the Slasher (level 3, -4/29 HPs)
             Began as a Draconian Monk on July 17, 2017.
             Was a Priest of Hepliaklqana.
             Shot with a sling bullet by a goblin (5 damage)
             ... on level 2 of the Dungeon.
             The game lasted 00:01:55 (995 turns).

Goboxel the Slasher (Draconian Monk)                 Turns: 995, Time: 00:01:55

Health: -4/29      AC:  6    Str: 13    XL:     3   Next: 33%
Magic:  3/3        EV: 13    Int: 10    God:    Hepliaklqana [***...]
Gold:   52         SH:  0    Dex: 14    Spells: 2/2 levels left

rFire    . . .     SeeInvis .   a - +0 falchion
rCold    . . .     Gourm    .   (no shield)
rNeg     . . .     Faith    .   (armour unavailable)
rPois    .         Spirit   .   (helmet restricted)
rElec    .         Reflect  .   (no cloak)
rCorr    .         Harm     .   m - +0 pair of gloves
MR       .....                  (no boots)
Stlth    ++........             (no amulet)
Regen    0.1/turn               (no ring)
MPRegen  0.1/turn               (no ring)

@: no status effects
A: unfitting armour, reduced essence, cold-blooded, AC +5
a: Recall Ancestor, Ancestor Identity, Transference, Renounce Religion


You were on level 2 of the Dungeon.
You worshipped Hepliaklqana.
Hepliaklqana was most pleased with you.
You were not hungry.

You visited 1 branch of the dungeon, and saw 3 of its levels.

You collected 52 gold pieces.

Inventory:

Hand Weapons
 a - a +0 falchion (weapon)
Armour
 m - a +0 pair of gloves (worn)
Scrolls
 d - a scroll of identify {unknown}
 f - a scroll of noise {unknown}
 g - a scroll of remove curse {unknown}
 i - 2 scrolls of enchant armour {unknown}
 j - a scroll of fog {unknown}
 l - a scroll of magic mapping {unknown}
Potions
 e - a potion of agility {unknown}
 k - a potion of cancellation {unknown}
Comestibles
 b - 3 bread rations
 c - 10 fruits


   Skills:
 + Level 3.7 Fighting
 * Level 3.9 Long Blades
 + Level 2.9 Dodging
 - Level 1.7 Stealth


You had 2 spell levels left.
You didn't know any spells.

Dungeon Overview and Level Annotations

Branches:
Dungeon (3/15)

Altars:
Hepliaklqana

Annotations:
D:3 Ijyb


Innate Abilities, Weirdness & Mutations

Your plain brown scales are hard. (AC +5)
You cannot fit into any form of body armour.
You are cold-blooded and may be slowed by cold attacks.
Your life essence is reduced to manifest your ancestor. (-10% HP)


Message History

You hit the orc wizard.
The orc wizard is severely wounded.
The orc wizard barely misses you.
You riposte.
You hit the orc wizard.
The orc wizard is severely wounded.
The goblin shoots a sling bullet.
The sling bullet hits you.
Unknown command.
The orc wizard points at you and mumbles some strange words.
The magic dart hits you!
* * * LOW HITPOINT WARNING * * *
The goblin shoots a sling bullet.
The sling bullet barely misses you.
You open the door.
A giant cockroach comes into view.
The orc wizard barely misses you.
The goblin shoots a sling bullet.
The sling bullet hits you.
* * * LOW HITPOINT WARNING * * *
The adder barely misses you.
You riposte.
You barely miss the adder. The orc wizard hits you with a dagger.
* * * LOW HITPOINT WARNING * * *
The goblin shoots a sling bullet.
The sling bullet hits you.
You die...

.........#.......
.....[...#.......
.......).#....s..
.........#$......
......g..#.......
.........#.......
.......w.#.......
......g>o@.......
........S#.......
+###...###.......
###. .###### ..
.# ### .. .# ..


You could see a worm, an orc wizard, an adder, a giant cockroach and 2 goblins.

Vanquished Creatures
  An adder (D:2)
  A dart slug (D:1)
  2 leopard geckos (D:1)
  An orc (D:3)
  2 ball pythons
  3 bats (D:1)
  3 giant cockroaches
  A goblin (D:1)
  2 hobgoblins (D:1)
  2 jackals (D:2)
  3 frilled lizards
  A rat (D:3)
22 creatures vanquished.

Vanquished Creatures (collateral kills)
  A goblin (D:3)
  A quokka (D:2)
  A rat (D:3)
3 creatures vanquished.

Vanquished Creatures (others)
  A hexer (D:3)
1 creature vanquished.

Grand Total: 26 creatures vanquished

Notes
Turn   | Place    | Note
-------+----------+-------------------------------------------
     0 | D:1      | Goboxel the Draconian Monk began the quest for the Orb.
     0 | D:1      | Reached XP level 1. HP: 19/19 MP: 1/1
   172 | D:1      | Reached XP level 2. HP: 23/26 MP: 2/2
   632 | D:2      | Found a faded altar of an unknown god.
   644 | D:2      | Reached XP level 3. HP: 27/33 MP: 3/3
   654 | D:2      | Became a worshipper of Hepliaklqana the Forgotten
   654 | D:2      | Reached * piety under Hepliaklqana
   654 | D:2      | Reached ** piety under Hepliaklqana
   725 | D:2      | Remembered your ancestor Axel as a hexer
   796 | D:2      | Reached *** piety under Hepliaklqana
   970 | D:3      | Noticed Ijyb
   995 | D:2      | HP: 1/29 [orc wizard/dagger (3)]
   995 | D:2      | Shot with a sling bullet by a goblin

Action                   || total
-------------------------++-------
Melee: Falchion          ||    53
       Tailslap          ||     7
Invok: Ancestor Life: He ||     1
       Ancestor Identity ||     1
 Stab: Sleeping          ||     5
Armor: Skin              ||    16
Dodge: Dodged            ||    55
       Rpst.: Falchion   ||    16
